 Dungeon Crawl Stone Soup version 0.19.1-1-g22dce08 (webtiles) character file.

604 galech the Ruffian (level 7, -2/67 HPs)
             Began as a Troll Berserker on Jan 5, 2017.
             Was an Elder of Trog.
             Slain by an orc
             ... wielding a +0 trident
              (8 damage)
             ... on level 5 of the Dungeon.
             The game lasted 00:06:55 (3322 turns).

galech the Ruffian (Troll Berserker)                Turns: 3322, Time: 00:06:56

Health: -2/67      AC:  5    Str: 28    XL:     7   Next: 18%
Magic:  0/6        EV: 11    Int:  3    God:    Trog [****..]
Gold:   272        SH:  0    Dex:  9    Spells: 0 memorised, 6 levels left

rFire  x . .     SeeInvis .       - Unarmed
rCold  + . .     Gourm    +     a - +0 animal skin
rNeg   . . .     Faith    .     (no shield)
rPois  +         Spirit   +     (helmet restricted)
rElec  .         Reflect  .     (no cloak)
rCorr  .         Harm     .     (gloves unavailable)
MR     .....                    (boots unavailable)
Stlth  +.........               r - amulet of guardian spirit
                                q - ring of ice
                                c - ring of poison resistance

@: no status effects
A: unfitting armour, claws 3, fast metabolism 3, gourmand, regeneration 1,
shaggy fur 1, tough skin 2
a: Berserk, Trog's Hand, Brothers in Arms, Burn Spellbooks, Renounce Religion


You were on level 5 of the Dungeon.
You worshipped Trog.
Trog was greatly pleased with you.
You were full.

You visited 1 branch of the dungeon, and saw 6 of its levels.
You also visited: Sewer.

You collected 272 gold pieces.

Inventory:

Armour
 a - a +0 animal skin (worn)
Jewellery
 c - a ring of poison resistance (left claw)
 q - a ring of ice (right claw)
 r - an amulet of guardian spirit (around neck)
Wands
 j - a wand of heal wounds (5/9)
 x - a wand of acid (4/15)
Scrolls
 d - 3 scrolls of fog {unknown}
 f - 4 scrolls of identify {unknown}
 i - 4 scrolls of remove curse {unknown}
 k - 2 scrolls of recharging {unknown}
 l - a scroll of amnesia {unknown}
 m - 2 scrolls of enchant weapon {unknown}
 s - 2 scrolls of blinking {unknown}
 t - 4 scrolls of teleportation {unknown}
 u - a scroll of magic mapping {unknown}
 v - 3 scrolls of fear {unknown}
 y - a scroll of noise {unknown}
Potions
 e - 2 potions of lignification {unknown}
 h - a potion of agility {unknown}
 n - 2 potions of haste {unknown}
 o - a potion of degeneration {unknown}
 p - 2 potions of berserk rage {unknown}
 w - a potion of might {unknown}
 z - a potion of cancellation {unknown}
 A - a potion of mutation {unknown}
 C - a potion of brilliance {unknown}
Comestibles
 b - 6 bread rations
 g - a beef jerky
 B - a meat ration


   Skills:
 + Level 3.2 Fighting
 + Level 3.4 Dodging
 + Level 0.9 Stealth
 + Level 7.0 Unarmed Combat


You had 6 spell levels left.
You didn't know any spells.

Dungeon Overview and Level Annotations

Branches:
Dungeon (6/15)             Temple (0/1) D:5

Altars:
Cheibriados
Dithmenos
Gozag
Qazlal
Zin


Innate Abilities, Weirdness & Mutations

You are too large for most types of armour.
You have claws for hands.
Your metabolism is lightning-fast.
You like to eat raw meat.
Your natural rate of healing is unusually fast.
You are covered in fur. (AC +1)
You have very tough skin. (AC +2)


Message History

The orc hits you from afar with a trident!
* * * LOW HITPOINT WARNING * * *
The crimson imp barely misses you.
You closely miss the orc warrior.
The orc warrior is severely wounded.
The orc hits you but does no damage. The orc priest hits you with a club.
* * * LOW HITPOINT WARNING * * *
The orc warrior misses you.
You mangle the orc warrior!!
You kill the orc warrior!
Trog accepts your kill.
Your Unarmed Combat skill increases to level 7!
You have reached level 7!
The crimson imp hits you but does no damage.
The orc barely misses you. The orc closely misses you.
You barely miss the orc.
The orc priest hits you but does no damage.
The crimson imp misses you.
The orc hits you from afar with a trident!
You die...

############ #..........#
#.@).......# #####
#oo5.......# #....# #...#
#####o.######## #..... ##
#...#####o.....# #..... .#
#.....o.....#### ########.....
.#
#....####.########............
.###...#####.#...........#
#.....
...#...#.......####......#
#>.#.
##.....#...#####....#....#
#..))


You could see an orc priest, a crimson imp and 2 orcs.

Vanquished Creatures
  Menkaure (D:4)
  An orc warrior (D:5)
  An orc wizard (D:5)
  2 orc priests
  2 worker ants (D:4)
  A hound skeleton (D:4)
  A worker ant zombie (D:5)
  3 adders
  3 river rats
  A shadow imp (D:5)
  An ooze (D:2)
  2 adder skeletons (D:4)
  2 worms (D:3)
  A dart slug (D:1)
  4 leopard geckos
  12 orcs
  9 giant cockroaches
  8 goblins
  10 hobgoblins
  12 jackals
  10 kobolds
  2 quokkas
  2 ball pythons
  10 bats
  12 frilled lizards
  A leopard gecko skeleton (D:4)
  16 rats
130 creatures vanquished.

Notes
Turn   | Place    | Note
-------+----------+-------------------------------------------
     0 | D:1      | galech the Troll Berserker began the quest for the Orb.
     0 | D:1      | Reached XP level 1. HP: 22/22 MP: 0/0
   203 | D:1      | Reached XP level 2. HP: 24/29 MP: 1/1
   521 | D:1      | Reached ** piety under Trog
   548 | D:1      | Reached XP level 3. HP: 35/36 MP: 2/2
   904 | D:2      | Found a glowing silver altar of Zin.
   966 | D:2      | Reached skill level 4 in Unarmed Combat
  1310 | D:3      | Reached XP level 4. HP: 44/44 MP: 3/3
  1499 | D:3      | You fall through a shaft for 2 floors!
  1499 | D:5      | Entered Level 5 of the Dungeon
  1519 | D:5      | Found a staircase to the Ecumenical Temple.
  1530 | D:5      | Reached XP level 5. HP: 28/53 MP: 0/4
  1662 | D:5      | Reached skill level 5 in Unarmed Combat
  1671 | D:5      | Found a glowing drain.
  1675 | Sewer    | Entered a sewer
  1732 | Sewer    | Reached *** piety under Trog
  2192 | D:3      | Reached XP level 6. HP: 51/61 MP: 3/5
  2202 | D:3      | Found a shadowy altar of Dithmenos.
  2205 | D:3      | Found a stormy altar of Qazlal.
  2205 | D:3      | Found an opulent altar of Gozag.
  2209 | D:3      | Found a snail-covered altar of Cheibriados.
  2461 | D:3      | Reached **** piety under Trog
  2870 | D:4      | Reached skill level 6 in Unarmed Combat
  2965 | D:4      | Noticed Menkaure
  2971 | D:4      | Killed Menkaure
  3215 | D:5      | Noticed an orc warrior
  3321 | D:5      | Killed an orc warrior
  3321 | D:5      | Reached skill level 7 in Unarmed Combat
  3321 | D:5      | Reached XP level 7. HP: 5/67 MP: 0/6
  3322 | D:5      | Slain by an orc

Skill      XL: |  1  2  3  4  5  6 |
---------------+-------------------+-----
Unarmed Combat | 4 5 7 |  7.0
Fighting       | 3 |  3.2
Dodging        | 3 |  3.4
Stealth        | |  0.9

Action                   |  1- 3 |  4- 6 |  7- 9 || total
-------------------------+-------+-------+-------++-------
Melee: Unarmed           |   133 |   171 |     1 ||   305
       Punch             |     4 |     4 |       ||     8
 Stab: Sleeping          |     1 |     1 |       ||     2
  Eat: Chunk             |    17 |    17 |       ||    34
Armor: Animal skin       |    58 |    53 |     1 ||   112
Dodge: Dodged            |    89 |    85 |     3 ||   177
